Map: 汇龙岛 - 天梯版

Players

leifu - Winner!

  • Race: Terran Terran

Ascension

  • Race: Protoss Protoss

VOD

Have the link to the VOD?

Description

Time

  • Played on: June 21, 2018, 8:49 a.m.
  • Length: 5:15
Show
View Real Time Build Order
Export as new Build Order

leifu Terran - Winner!

Build Orders: MMM Bio 

Get SALT Encoding   

  12  0:03  SCV  
  13  0:15  SCV  
  13  0:20  Supply Depot  
  14  0:29  SCV  
  15  0:45  Barracks  
  15  0:46  SCV  
  15  0:48  Refinery  
  16  0:58  SCV  
  17  1:10  SCV  
  18  1:13  Supply Depot  
  18  1:23  SCV  
  19  1:37  Orbital Command  
  19  1:38  Barracks Reactor  
  19  1:48  Barracks  
  19  1:52  Barracks  
  19  1:56  Barracks  
  19  2:05  SCV  
  20  2:17  Marine x2  
  20  2:20  SCV  
  23  2:29  Supply Depot  
  23  2:37  Barracks Tech Lab  
  23  2:40  Marine x2  
  23  2:41  Barracks Tech Lab  
  25  2:46  Marine  
  26  2:52  Supply Depot  
  26  2:58  Stimpack, Marine  
  26  3:01  Marine  
  26  3:03  Marine x2  
  26  3:04  Marine  
  31  3:11  Combat Shields  
  31  3:19  Marauder  
  33  3:21  Marine x2  
  33  3:25  Marine  
  33  3:26  Marine  
  37  3:32  Supply Depot  
  37  3:47  Marine  
  37  3:48  Marauder x2, Marine x2  
  44  4:05  Marine x2  
  44  4:06  Marine  
  44  4:08  Marine  
  44  4:09  Marine  
  49  4:23  Marine x3  
Show
View Real Time Build Order
Export as new Build Order

Ascension Protoss 

Build Orders: 1 Gate Expand 

Get SALT Encoding   

  12  0:02  Probe  
  13  0:15  Pylon  
  13  0:18  Probe  
  14  0:36  Gateway  
  14  0:38  Assimilator  
  14  0:41  Probe  
  15  0:53  Probe  
  16  1:05  Probe  
  17  1:17  Probe  
  18  1:30  Nexus, Probe  
  19  1:43  Probe  
  19  1:45  Zealot  
  22  1:52  Assimilator  
  22  1:55  Probe  
  23  2:25  Pylon  
  23  2:29  Cybernetics Core  
  23  2:32  Forge  
  23  2:40  Probe  
  23  2:42  Probe  
  25  2:44  Zealot  
  25  2:48  Probe  
  25  2:56  Probe  
  29  3:07  Probe  
  29  3:10  Pylon  
  30  3:13  Zealot  
  30  3:15  Assimilator, Probe  
  30  3:18  Gateway  
  31  3:21  Probe  
  34  3:35  Pylon  
  34  3:48  Adept  
  34  3:51  Robotics Facility  
  34  3:54  Probe  
  37  3:58  Probe  
  38  4:05  Adept  
  38  4:07  Probe  
  41  4:18  Assimilator  
  41  4:25  Pylon  
  41  4:26  Adept  
Tags
 
Add a new tag
Caveats
  • Supply blocks, unpowered buildings, or Contaminate may cause inaccurate times.
  • Supply counts are checked every 10 seconds.